 Dungeon Crawl Stone Soup version 0.28-a0-819-g6ef7baa362 (webtiles) character file.

Game seed: 687262061163306938

222 bande the Covered (level 5, -2/33 HPs)
             Began as a Gargoyle Fighter on Nov 9, 2021.
             Slain by Sigmund (8 damage)
             ... on level 3 of the Dungeon.
             The game lasted 00:03:11 (2282 turns).

bande the Covered (Gargoyle Fighter)                Turns: 2282, Time: 00:03:11

Health: -2/33      AC: 19    Str: 20    XL:     5   Next: 99%
Magic:  5/5        EV:  7    Int:  9    God:
Gold:   87         SH:  4    Dex:  9    Spells: 4/4 levels left

rFire   . . .      SeeInvis .   a - +0 war axe
rCold   . . .      Faith    .   c - +0 buckler
rNeg    + . .      Spirit   .   i - +0 chain mail
rPois   ∞          Reflect  .   g - +2 helmet
rElec   +          Harm     .   (no cloak)
rCorr   .          Rampage  .   e - +2 pair of gloves
Will    .....                   (no boots)
Stlth   ..........              (no amulet)
HPRegen 0.11/turn               (no ring)
MPRegen 0.09/turn               (no ring)

@: no status effects
A: sickness immunity, AC +4, negative energy resistance 1, electricity
resistance, torment resistance 1, petrification resistance
a: no special abilities


You were on level 3 of the Dungeon.
You visited 1 branch of the dungeon, and saw 3 of its levels.

You collected 87 gold pieces.

Inventory:

Hand Weapons
 a - a +0 war axe (weapon)
Armour
 c - a +0 buckler (worn)
 e - a +2 pair of gloves (worn)
 g - a +2 helmet (worn)
 i - a +0 chain mail (worn)
Scrolls
 b - a scroll of enchant weapon {unknown}
 f - 2 scrolls of identify
Potions
 d - 3 potions of might
 h - a potion of cancellation {unknown}
 j - a potion of heal wounds


   Skills:
 + Level 3.9 Fighting
 + Level 4.3 Axes
 + Level 4.3 Armour
 + Level 3.7 Shields


You had 4 spell levels left.
You didn't know any spells.
Your spell library contained the following spells:

 Spells                   Type           Power      Damage    Failure   Level
 Blink                    Tloc           0%         N/A       99%         2
 Inner Flame              Hex/Fire       0%         N/A       100%        3
 Lesser Beckoning         Tloc           0%         N/A       100%        3
 Cause Fear               Hex            0%         N/A       100%        4
 Manifold Assault         Tloc           0%         N/A       100%        5
 Discord                  Hex            0%         N/A       100%        8


Dungeon Overview and Level Annotations

Branches:
Dungeon (3/15)

Altars:

Annotations:
D:3 Sigmund


Innate Abilities, Weirdness & Mutations

You are immune to sickness and miasma.
Your stone body is resilient. (AC +4)
You are immune to poison.
You resist negative energy. (rN+)
You are resistant to electric shocks. (rElec)
You are resistant to unholy torment.
You are immune to petrification.


Message History

You barely miss something. Something hits you.
You miss something. Something hits you.
You miss something. You closely miss the frilled lizard.
The frilled lizard barely misses you.
The ball python bites you but does no damage.
The ball python closely misses you.
The frilled lizard bites you but does no damage.
You closely miss something.
Your chain mail prevents you from hitting the ball python.
You miss the frilled lizard. Something hits you.
The ball python bites you but does no damage.
The ball python barely misses you.
The frilled lizard bites you but does no damage.
You block the ball python's attack. The ball python grabs you.
The ball python constricts you.
You barely miss something. You closely miss the frilled lizard.
You slash the ball python!
You kill the ball python!
You hear some strange, mumbled words.
Something tries to affect you, but you resist.
The frilled lizard barely misses you. Something hits you but does no damage.
Unknown command.
You hit something. You miss the frilled lizard.
You block the frilled lizard's attack. x2
Unknown command.
You closely miss something. You hit the frilled lizard.
You kill the frilled lizard!
Something hits you.
You miss something. Something hits you.
You closely miss something. Something hits you.
* * * LOW HITPOINT WARNING * * *
You closely miss something.
You hear some strange, mumbled words.
Something tries to affect you, but you resist.
You barely miss something.
You hear some strange, mumbled words.
A puff of flame appears from out of thin air!
The puff of flame hits you but does no damage.
You closely miss something. Something hits you!
You die...

#.....#.#...
####.....#.#..#
#..............
#.............
#...........# ##
#...........#..##
.#...............##
......{@...<.......
.#....†............
#................#
.....[.....######..
.########### #


There were no monsters in sight!

Vanquished Creatures
  A black bear (D:2)
  A necrophage (D:2)
  A worm (D:2)
  3 dart slugs (D:1)
  6 ball pythons
  2 endoplasms (D:1)
  A giant cockroach (D:2)
  8 goblins
  2 hobgoblins
  3 jackals (D:2)
  A quokka (D:1)
  5 frilled lizards
  2 kobolds
  7 rats
43 creatures vanquished.

Notes
Turn   | Place    | Note
-------+----------+-------------------------------------------
     0 | D:1      | bande the Gargoyle Fighter began the quest for the Orb.
     0 | D:1      | Reached XP level 1. HP: 14/14 MP: 1/1
    86 | D:1      | Reached XP level 2. HP: 6/19 MP: 2/2
   733 | D:1      | Reached XP level 3. HP: 19/23 MP: 3/3
  1575 | D:2      | Noticed a necrophage
  1584 | D:2      | Killed a necrophage
  1585 | D:2      | Reached XP level 4. HP: 28/29 MP: 4/4
  1585 | D:2      | Reached XP level 5. HP: 32/33 MP: 5/5
  1804 | D:2      | Noticed a black bear
  1821 | D:2      | Killed a black bear
  2264 | D:3      | Noticed Sigmund
  2282 | D:3      | Slain by Sigmund

Illustrated notes

Levels and vault maps discovered:
D:1:      lemuel_arrival_muddy, layout_rooms, serial_curves, eino_curves_01,
          eino_curves_02, solitary_fountain, minmay_misc_feat_rugged
D:2:      layout_loops_corners, minmay_misc_feat_rows
D:3:      layout_rooms, nicolae_tso_swordbearing_angel, uniq_sigmund

Skill      XL: |  1  2  3  4  5 |
---------------+----------------+-----
Axes           | 2 3 4 |  4.3
Armour         | 4 |  4.3
Fighting       | |  3.9
Shields        | |  3.7

Action                   |  1- 3 |  4- 6 || total
-------------------------+-------+-------++-------
Melee: War axe           |    99 |    40 ||   139
  Use: Scroll            |     4 |       ||     4
Armor: Scale mail        |    44 |       ||    44
       Chain mail        |    30 |    55 ||    85
Dodge: Dodged            |    34 |    18 ||    52
Block: Buckler           |    16 |    12 ||    28

Table legend: (Time is in decaauts)
 A = Elapsed time spent in this place.
 B = Non-inter-level travel time spent in this place.
 C = Inter-level travel time spent in this place.
 D = Time resting spent in this place.
 E = Time spent auto-exploring this place.
 F = Levels seen in this place.
 G = Mean time per level.
                   A        B        C        D        E       F      G
               +--------+--------+--------+--------+--------+-----+--------+
         Total |   2334 |   2299 |     35 |    427 |   1425 |   3 |  778.0 |
       Dungeon |   2334 |   2299 |     35 |    427 |   1425 |   3 |  778.0 |
               +--------+--------+--------+--------+--------+-----+--------+

Top non-repeatable levels by time:
     D:2: 1246 daAuts
     D:1: 1065 daAuts
     D:3: 22 daAuts
